 Dungeon Crawl Stone Soup version 0.15-a0-2102-gacb6860 (webtiles) character file.

77 Conan321 the Magician (level 4, -4/27 HPs)
             Began as an Octopode Wizard on July 15, 2014.
             Slain by an orc
             ... wielding a +0 club
              (5 damage)
             ... on Level 3 of the Dungeon.
             The game lasted 00:08:13 (2919 turns).

Conan321 the Magician (Octopode Wizard)             Turns: 2919, Time: 00:08:13

HP  -4/27        AC  1     Str  6      XL: 4   Next: 33%
MP   0/11        EV 12     Int 21      God:
Gold 108         SH  0     Dex 10      Spells:  4 memorised,  3 levels left

rFire  . . .     SeeInvis .     (no weapon)
rCold  . . .     Clarity  .     (no shield)
rNeg   . . .     rCorr    .     b - +0 hat
rPois  .         rRot     .     (no amulet)
rElec  .         Spirit   .     t - ring of protection from magic
SustAb .         Warding  .     (no ring)
rMut   .         Stasis   .     (no ring)
Gourm  .                        (no ring)
MR     +....                    (no ring)
                                (no ring)
                                (no ring)
                                (no ring)

@: about to teleport, very slightly contaminated, hasted, very quick, somewhat
resistant to hostile enchantments, fairly stealthy
A: almost no armour, amphibious, 8 rings, constrict 8, camouflage 1, gelatinous
body 1
a: no special abilities


You were on level 3 of the Dungeon.
You were not hungry.

You visited 1 branch of the dungeon, and saw 3 of its levels.

You collected 108 gold pieces.

Inventory:

Hand weapons
 i - a +0 hunting sling
Missiles
 f - 11 bolts of penetration
 h - 39 arrows
 r - 19 bolts of flame
Armour
 b - a +0 hat (worn)
Comestibles
 d - a bread ration
 l - 2 meat rations
 s - a rotting chunk of worm flesh
 u - 3 chunks of orc flesh
Scrolls
 a - a scroll of recharging
 e - 3 scrolls of teleportation
 j - a scroll of enchant armour {unknown}
 k - 5 scrolls of identify {unknown}
 o - a scroll of enchant weapon {unknown}
 p - a scroll of blinking {unknown}
Jewellery
 n - an uncursed amulet of stasis
 t - a ring of protection from magic (left tentacle)
 v - a +1 ring of protection {unknown}
Potions
 g - a potion of brilliance
 m - 2 potions of haste
 q - 2 potions of restore abilities {unknown}
Books
 c - a book of Minor Magic

   Spells                             Type                      Level
   *Magic Dart                        Conjuration                  1
   *Blink                             Translocation                2
   *Call Imp                          Summoning                    2
   Repel Missiles                     Charms/Air                   2
   Slow                               Hexes                        2
   Conjure Flame                      Conjuration/Fire             3
   *Mephitic Cloud                    Conjuration/Poison/Air       3


   Skills:
 + Level 0.6 Fighting
 + Level 2.4 Dodging
 + Level 3.2 Stealth
 + Level 0.2 Unarmed Combat
 + Level 4.0 Spellcasting
 + Level 1.5 Conjurations
 + Level 1.0 Summonings
 + Level 1.0 Translocations


You had 3 spell levels left.
You knew the following spells:

 Your Spells              Type           Power        Failure   Level  Hunger
a - Magic Dart            Conj           ##..         8%          1    None
b - Blink                 Tloc           N/A          12%         2    #......
c - Call Imp              Summ           #.......     12%         2    #......
d - Mephitic Cloud        Conj/Pois/Air  #.......     30%         3    ###....


Dungeon Overview and Level Annotations

Branches:
Dungeon (3/15)

Altars:
Dithmenos
Yredelemnul


Innate Abilities, Weirdness & Mutations

You cannot wear most types of armour.
You are amphibious.
You can wear up to eight rings at the same time.
You can use your tentacles to constrict many enemies at once.
Your skin changes colour to match your surroundings (Stealth).
Your rubbery body absorbs attacks (AC +1).


Message History

* * * LOW HITPOINT WARNING * * *
Found two items.
Read which item? (? for menu, Esc to quit)
As you read the scroll labeled VOCKOT OCWIU, it crumbles to dust.
It is a scroll of recharging.
You aren't carrying any rechargeable items.
The bat hits you but does no damage.
Read which item? (? for menu, Esc to quit)
As you read the scroll labeled JEREST WEXETI, it crumbles to dust.
You feel strangely unstable.
It was a scroll of teleportation.
The bat hits you but does no damage. The orc barely misses you.
The adder bites you.
* * * LOW HITPOINT WARNING * * *
Read which item? (? for menu, Esc to quit)
Okay, then.
Drink which item? (? for menu, Esc to quit)
You feel yourself speed up.
It was a potion of haste.
The adder bites you.
* * * LOW HITPOINT WARNING * * *
The bat closely misses you. The orc hits you with a club.
You die...

#. ##.## #.# #...##
#..####..# ######## ...
##.# ##...>...
#.###.####......# #
#......%........#
####.######.####..(...#
.?.......# #..# ##....##
.......S@####.#########.[
........bo...............
....$...#####.).........
!.......# #........##.
........# #....<......
######## #...........
#.....[..... #...........
#########...


You could see an adder, an orc and a bat.

Vanquished Creatures
  2 adders (D:2)
  A giant mite (D:1)
  A worm (D:2)
  A giant gecko (D:2)
  An orc (D:3)
  5 bats
  2 giant cockroaches (D:2)
  4 goblins
  6 hobgoblins
  6 jackals
  4 kobolds
  2 giant newts
  A quokka (D:2)
  4 rats
40 creatures vanquished.

Vanquished Creatures (collateral kills)
  An orc (D:3)
1 creature vanquished.

Grand Total: 41 creatures vanquished

Notes
Turn   | Place    | Note
--------------------------------------------------------------
     0 | D:1      | Conan321, the Octopode Wizard, began the quest for the Orb.
     0 | D:1      | Reached XP level 1. HP: 11/11 MP: 4/4
   218 | D:1      | Reached XP level 2. HP: 9/17 MP: 0/6
   868 | D:1      | Learned a level 2 spell: Blink
   871 | D:1      | Learned a level 2 spell: Call Imp
  1000 | D:1      | Reached XP level 3. HP: 21/21 MP: 2/8
  1911 | D:2      | Found a shadowy altar of Dithmenos.
  2018 | D:2      | Reached XP level 4. HP: 27/27 MP: 2/10
  2029 | D:2      | Reached skill level 4 in Spellcasting
  2663 | D:3      | Found a basalt altar of Yredelemnul.
  2870 | D:3      | Learned a level 3 spell: Mephitic Cloud
  2919 | D:3      | HP: 1/27 [adder (1)]
  2919 | D:3      | Slain by an orc

Action                   |  1- 3 |  4- 6 || total
-------------------------+-------+-------++-------
Melee: Unarmed           |    17 |    12 ||    29
 Cast: Magic Dart        |    71 |    50 ||   121
       Call Imp          |       |     1 ||     1
  Use: Potion            |     1 |     1 ||     2
       Scroll            |       |     2 ||     2
 Stab: Sleeping          |     1 |       ||     1
  Eat: Chunk             |     2 |     4 ||     6
